 Dungeon Crawl Stone Soup version 0.28-a0-653-g7e9dba17c3 (webtiles) character file.

Game seed: 3979146074520723828

197710 ytrimaz the Hoplite (level 18, -9/176 HPs)
             Began as a Minotaur Berserker on Oct 12, 2021.
             Was a High Priest of the Shining One.
             Mangled by a tentacle (11 damage)
             ... attached to a kraken
             ... on level 2 of the Shoals.
             The game lasted 01:36:43 (49254 turns).

ytrimaz the Hoplite (Minotaur Berserker)           Turns: 49254, Time: 01:36:44

Health: -9/176     AC: 23    Str: 34    XL:     18   Next: 19%
Magic:  23/23      EV: 11    Int:  5    God:    the Shining One [*****.]
Gold:   3020       SH:  0    Dex: 15    Spells: 17/17 levels left

rFire   + + +      SeeInvis +   K - +11 whip of Moderation {vorpal, Int+5 Dex+4 SInv Stlth-}
rCold   + + .      Faith    .   y - +10 tower shield of Ignorance {rN+ Int-4}
rNeg    + + +      Spirit   .   r - +0 ice dragon scales
rPois   +          Reflect  .   n - +0 hat
rElec   .          Harm     .   j - +0 cloak of Gacoz {Rampage}
rCorr   +          Rampage  +   x - +2 pair of gloves {Str+3}
Will    ++...                   i - +0 pair of boots
Stlth   ..........              g - amulet of the acrobat
HPRegen 0.39/turn               N - ring of Brilliance {rPois rF+ EV+4 SInv}
MPRegen 0.18/turn               A - ring "Wann" {*Slow +Blink rF+++ rCorr SInv}

@: held, glowing, studying Axes, very slow
A: horns 2, retaliatory headbutt, strong-willed 1, strong 1
a: Renounce Religion, Evoke Blink, Divine Shield, Cleansing Flame, Summon Divine
Warrior


You were on level 2 of the Shoals.
You worshipped the Shining One.
The Shining One was extremely pleased with you.
You visited 6 branches of the dungeon, and saw 29 of its levels.
You also visited: Sewer and Ice Cave.

You collected 5000 gold pieces.
You spent 1980 gold pieces at shops.

Inventory:

Hand Weapons
 s - the +0 war axe "Tiusij" {freeze, rPois Dex+4}
   (You bought it in a shop on level 2 of the Orcish Mines)

   It freezes those it strikes, dealing additional cold damage.
   It can also slow down cold-blooded creatures.
   Dex:       It affects your dexterity (+4).
   rPois:     It protects you from poison.
 t - a +0 executioner's axe of flaming
 E - a +9 morningstar of flaming
 F - the +2 mace "Bulor" {flame, *Noise Int+9 Dex+4}
   (You found it on level 3 of the Lair of Beasts)

   It burns those it strikes, dealing additional fire damage.
   Int:       It affects your intelligence (+9).
   Dex:       It affects your dexterity (+4).
   *Noise:    It may make noises in combat.
 J - a +1 executioner's axe of electrocution
 K - the +11 whip of Moderation (weapon) {vorpal, Int+5 Dex+4 SInv Stlth-}
   (You found it on level 1 of the Elven Halls)

   It inflicts extra damage upon your enemies.
   Int:       It affects your intelligence (+5).
   Dex:       It affects your dexterity (+4).
   SInv:      It lets you see invisible.
   Stlth:     It makes you less stealthy.
 Z - the +11 battleaxe of Galyal {elec, Fragile +Blink rN+++ rCorr}
   (You took it off a deep elf death mage on level 3 of the Elven Halls)

   It occasionally discharges a powerful burst of electricity upon striking a
   foe.
   rN:        It renders you almost immune to negative energy.
   +Blink:    It lets you blink.
   rCorr:     It protects you from acid and corrosion.
   Fragile:   It will be destroyed if unequipped.
Missiles
 M - a throwing net (quivered)
Armour
 i - a +0 pair of boots (worn)
 j - the +0 cloak of Gacoz (worn) {Rampage}
   (You found it on level 1 of the Elven Halls)

   Rampage:   It bestows one free step when moving towards enemies.
 n - a +0 hat (worn)
 r - +0 ice dragon scales (worn)
 x - a +2 pair of gloves of strength (worn)
 y - the +10 tower shield of Ignorance (worn) {rN+ Int-4}
   (You found it on level 9 of the Dungeon)

   Int:       It affects your intelligence (-4).
   rN:        It protects you from negative energy.
 G - a +2 kite shield
Jewellery
 g - an amulet of the acrobat (around neck)
 u - a ring of positive energy
 w - a ring of poison resistance
 A - the ring "Wann" (right hand) {*Slow +Blink rF+++ rCorr SInv}
   (You found it on level 11 of the Dungeon)

   [ring of resist corrosion]

   rF:        It renders you almost immune to fire.
   SInv:      It lets you see invisible.
   +Blink:    It lets you blink.
   rCorr:     It protects you from acid and corrosion.
   *Slow:     It may slow you when you take damage.
 C - a +6 ring of dexterity
 H - a ring of willpower
 N - the ring of Brilliance (left hand) {rPois rF+ EV+4 SInv}
   (You took it off a deep elf master archer on level 3 of the Elven Halls)

   [ring of evasion]

   EV:        It affects your evasion (+4).
   rF:        It protects you from fire.
   rPois:     It protects you from poison.
   SInv:      It lets you see invisible.
 S - the ring "Zomeac" {Wiz Fly rElec rPois Stlth+}
   (You found it on level 2 of the Shoals)

   [ring of wizardry]

   It improves your spell success rate.
   rElec:     It insulates you from electricity.
   rPois:     It protects you from poison.
   Fly:       It grants you flight.
   Stlth:     It makes you more stealthy.
 X - a ring of willpower
Wands
 f - a wand of acid (10)
 o - a wand of iceblast (7)
 I - a wand of polymorph (12)
 Q - a wand of flame (61)
 V - a wand of mindburst (15)
 W - a wand of paralysis (16)
Scrolls
 c - a scroll of silence
 e - 4 scrolls of enchant weapon
 p - 7 scrolls of teleportation
 v - 27 scrolls of identify
 L - a scroll of brand weapon
 O - 5 scrolls of enchant armour
 P - 2 scrolls of magic mapping
 T - 4 scrolls of fear
 U - 3 scrolls of fog
Potions
 a - 5 potions of mutation
 b - 4 potions of flight
 d - a potion of magic
 h - 3 potions of berserk rage
 k - 5 potions of attraction
 l - 5 potions of haste
 m - 4 potions of might
 q - 11 potions of curing
 z - 5 potions of lignification
 B - 2 potions of resistance
 D - 3 potions of ambrosia
 R - a potion of cancellation
 Y - a potion of brilliance


   Skills:
 + Level 19.5 Fighting
 - Level 11.7(14.7) Axes
 - Level 14.4(16.0) Maces & Flails
 + Level 17.3 Armour
 - Level 9.0 Dodging
 + Level 23.1 Shields
 * Level 8.5 Invocations


You had 17 spell levels left.
You didn't know any spells.
Your spell library contained the following spells:

 Spells                   Type           Power      Damage    Failure   Level
 Animate Skeleton         Necr           0%         N/A       75%         1
 Magic Dart               Conj           0%         1d3       75%         1
 Pain                     Necr           0%         1d4       75%         1
 Shock                    Conj/Air       0%         1d3       75%         1
 Blink                    Tloc           N/A        N/A       86%         2
 Corpse Rot               Necr/Air       N/A        N/A       86%         2
 Ensorcelled Hibernation  Hex/Ice        0%         N/A       86%         2
 Searing Ray              Conj           0%         2d4       86%         2
 Sublimation of Blood     Necr           0%         N/A       86%         2
 Frozen Ramparts          Ice            0%         1d2       98%         3
 Inner Flame              Hex/Fire       0%         N/A       98%         3
 Lesser Beckoning         Tloc           0%         N/A       98%         3
 Stone Arrow              Conj/Erth      0%         3d7       98%         3
 Swiftness                Air            0%         N/A       98%         3
 Tukima's Dance           Hex            0%         N/A       98%         3
 Vampiric Draining        Necr           0%         2d6       98%         3
 Airstrike                Air            0%         N/A       100%        4
 Cause Fear               Hex            0%         N/A       100%        4
 Fulminant Prism          Conj/Hex       0%         3d6       100%        4
 Hailstorm                Conj/Ice       0%         3d3       100%        4
 Ice Form                 Ice/Tmut       0%         N/A       100%        4
 Iskenderun's Mystic Bla  Conj/Tloc      0%         2d3       100%        4
 Petrify                  Tmut/Erth      0%         N/A       100%        4
 Summon Ice Beast         Ice/Summ       0%         N/A       100%        4
 Borgnjor's Vile Clutch   Necr/Erth      0%         N/A       100%        5
 Irradiate                Conj/Tmut      0%         3d13      100%        5
 Lee's Rapid Deconstruct  Erth           0%         3d5*      100%        5
 Manifold Assault         Tloc           0%         N/A       100%        5
 Metabolic Englaciation   Hex/Ice        0%         N/A       100%        5
 Conjure Ball Lightning   Conj/Air       0%         3x3d6     100%        6
 Death Channel            Necr           0%         N/A       100%        6
 Statue Form              Tmut/Erth      0%         N/A       100%        6
 Discord                  Hex            0%         N/A       100%        8
 Disjunction              Tloc           0%         N/A       100%        8
 Necromutation            Tmut/Necr      0%         N/A       100%        8


Dungeon Overview and Level Annotations

Branches:
Dungeon (15/15)            Temple (1/1) D:5            Lair (6/6) D:9
 Shoals (2/4) Lair:2        Snake (0/4) Lair:2        Slime (0/5) Lair:6
    Orc (2/2) D:9             Elf (3/3) Orc:2        Vaults (0/5) D:13
 Depths (0/4) D:15          Sewer (visited)           IceCv (visited)

Altars:
Ashenzari
Cheibriados
Dithmenos
Elyvilon
Fedhas
Gozag
Hepliaklqana
Kikubaaqudgha
Makhleb
Nemelex Xobeh
Okawaru
Qazlal
Ru
Sif Muna
Trog
Uskayaw
Vehumet
Wu Jian
Xom
Yredelemnul
Zin
The Shining One
Beogh
Jiyva

Shops:
D:1 :   D:5 (   D:10 :!*=(   Orc:2 (*=?   Elf:1 *

Annotations:
D:9 exclusion: door
Elf:3 2 transporters, Atlas's ghost, adept DgEE


Innate Abilities, Weirdness & Mutations

You have a pair of horns on your head.
You reflexively headbutt those who attack you in melee.
You are strong-willed. (Will+)
Your muscles are strong. (Str +2)


Message History

The tentacle slaps you but does no damage.
The tentacle slaps you. The tentacle slaps you!
The tentacle slaps you but does no damage. x2
The kraken bites you. The merfolk barely misses you.
The tentacle slaps you but does no damage.
The tentacle slaps you.
You struggle against the net.
The tentacle slaps you but does no damage. x2
The tentacle slaps you!
A tentacle segment bursts forth from the water. x3
The tentacle slaps you but does no damage.
The tentacle closely misses you. You furiously retaliate!
You headbutt the tentacle!
The kraken bites you but does no damage.
The tentacle slaps you!
* * * LOW HITPOINT WARNING * * *
The tentacle slaps you but does no damage.
The merfolk hits you from afar with a +0 trident.
* * * LOW HITPOINT WARNING * * *
The tentacle slaps you!!
* * * LOW HITPOINT WARNING * * *
The merfolk hits you from afar with a +0 trident!
* * * LOW HITPOINT WARNING * * *
Unknown command.
You feel better. The tentacle slaps you!
* * * LOW HITPOINT WARNING * * *
The tentacle slaps you.
* * * LOW HITPOINT WARNING * * *
The tentacle slaps you but does no damage.
The tentacle barely misses you. The tentacle closely misses you.
The kraken bites you. The Shining One protects you from harm!
The merfolk hits you from afar with a +0 trident.
* * * LOW HITPOINT WARNING * * *
The tentacle slaps you.
* * * LOW HITPOINT WARNING * * *
The tentacle slaps you. The Shining One protects you from harm!
The tentacle slaps you!
You die...

≈≈≈≈≈≈≈≈≈.......≈≈≈≈≈≈≈≈≈≈≈..c.
≈≈≈≈≈≈≈≈≈≈≈..≈≈≈≈≈≈≈≈≈≈≈≈c≈≈...
≈≈≈≈≈≈≈≈≈≈≈≈≈≈≈≈≈≈≈≈≈≈≈≈≈≈≈≈..
≈≈≈≈≈≈≈≈≈.≈≈≈≈≈≈≈≈≈≈≈≈≈≈≈≈≈≈≈≈
≈≈≈≈≈≈≈....≈?≈≈≈≈≈≈≈≈≈≈≈≈≈≈≈≈≈
≈≈≈≈≈≈≈.....≈≈≈≈≈≈≈≈≈≈≈≈≈≈≈≈..
≈≈≈≈≈≈.....wΛ..≈≈≈≈≈≈≈≈≈≈≈≈≈..
≈≈≈≈≈≈≈..w≈≈ww..≈≈≈≈≈≈≈≈≈≈≈≈..
≈≈≈≈≈≈≈≈≈≈≈≈≈@w≈≈≈≈≈≈≈≈≈≈≈≈≈.<
≈≈≈≈≈≈≈≈≈≈≈≈≈Xw≈≈≈≈≈≈≈≈≈≈≈≈≈≈.
≈≈≈≈≈≈≈≈≈≈mXm≈≈≈≈≈≈≈≈≈≈≈≈≈≈≈.
≈≈≈≈≈≈≈≈≈≈≈≈≈≈≈≈≈≈≈≈≈≈≈≈≈≈≈≈
≈≈≈≈≈≈≈≈≈≈≈≈≈≈≈≈≈≈≈≈≈≈≈≈≈≈≈
≈≈≈≈≈≈≈≈≈≈≈≈≈≈≈≈≈≈≈≈≈≈≈≈≈≈
≈≈≈≈≈≈≈≈≈≈≈≈≈≈≈≈≈≈≈≈≈≈≈≈†
≈≈≈≈≈≈≈≈≈≈≈≈≈≈≈≈≈≈≈≈≈≈≈≈
≈≈≈≈≈≈≈≈≈≈≈≈≈.


You could see 2 krakens, 2 merfolk and 6 tentacles.

Vanquished Creatures
  Jorgrun (D:14)
  2 deep elf master archers (Elf:3)
  4 deep elf blademasters (Elf:3)
  The ghost of Wano the Alchemist, an adept DrTm of Wu Jian (Shoals:1)
  Roxanne (Elf:3)
  6 deep elf sorcerers
  3 deep elf elementalists (Elf:3)
  The ghost of Ylye the Grappler, a journeyman NaTm of Cheibriados (Lair:3)
  11 deep elf annihilators (Elf:3)
  6 deep elf demonologists (Elf:3)
  Nessos (D:14)
  2 dire elephants
  3 deep elf death magi
  Snorg (D:14)
  A merfolk impaler (Shoals:2)
  Josephine (D:15)
  2 deep elf high priests (Elf:3)
  2 fire dragons
  A yaktaur captain (D:13)
  An ice dragon (D:13)
  A rakshasa (D:13)
  3 boulder beetles
  Erica (D:8)
  9 hydras
  Erolcha (D:10)
  2 catoblepae
  2 merfolk avatars
  29 dancing weapons
  5 centaur warriors
  2 satyrs (Shoals:2)
  3 death knights
  10 two-headed ogres
  9 death yaks
  4 tengu warriors
  An orc high priest (Orc:2)
  11 deep elf knights
  A shock serpent (shapeshifter) (Elf:3)
  3 iron trolls
  3 skeletal warriors
  A fire crab (shapeshifter) (Elf:2)
  8 deep trolls
  2 sea snakes
  A swamp dragon (Lair:6)
  14 deep elf archers
  Pikel (D:4)
  2 bog bodies (IceCv)
  3 lindwurms
  4 harpies (Shoals:2)
  A phantasmal warrior (D:15)
  34 deep elf pyromancers
  27 deep elf zephyrmancers
  6 orc sorcerers
  2 wolf spiders (D:15)
  11 manticores
  10 fauns
  6 cyclopes
  An ice statue (IceCv)
  7 ugly things
  8 black mambas
  2 merfolk sirens
  8 elephants
  2 water nymphs
  A torpor snail (Lair:5)
  Maggie (D:9)
  15 cane toads
  3 rime drakes
  9 komodo dragons
  3 unseen horrors
  A yaktaur (shapeshifter) (D:14)
  An anaconda simulacrum (IceCv)
  5 kobold demonologists
  3 tengu conjurers
  2 freezing wraiths
  2 yaktaurs (D:13)
  9 trolls
  7 merfolk
  A meliai (shapeshifter) (D:15)
  3 meliai (D:13)
  6 wind drakes
  16 polar bears
  10 blink frogs
  6 slime creatures (D:12)
  2 dream sheep (Lair:6)
  5 snapping turtles
  2 air elementals
  A vampire (D:10)
  12 wraiths
  53 yaks
  Eustachio (D:6)
  2 shadows
  A dire elephant simulacrum (IceCv)
  7 wyverns
  A water elemental (Shoals:2)
  3 basilisks
  3 fire elementals
  2 steam dragons
  5 vampire mosquitoes
  A death yak simulacrum (IceCv)
  2 harpy simulacra
  A floating eye (Elf:2)
  18 water moccasins
  6 acid dragons
  A hell hound (D:12)
  A hornet zombie (D:9)
  2 ice beasts
  14 orc warriors
  4 swamp drakes (Lair:6)
  16 black bears
  19 ogres
  4 sky beasts
  A necrophage (D:7)
  6 boggarts (D:14)
  5 wolves
  20 centaurs
  3 phantoms (D:4)
  2 kobold brigands
  13 bullfrogs
  An earth elemental (Elf:2)
  7 scorpions
  8 two-headed ogre simulacra (IceCv)
  4 cane toad simulacra (IceCv)
  A wyvern zombie (D:8)
  2 elephant simulacra (IceCv)
  15 killer bees
  9 wights (D:7)
  3 howler monkeys
  An electric eel (Lair:5)
  5 centaur zombies
  2 bullfrog zombies
  18 orc priests
  A centaur skeleton (D:7)
  A hound (D:3)
  3 iguanas
  2 gnoll shamans
  Natasha (twice) (D:3)
  27 orc wizards
  3 spriggan simulacra (IceCv)
  7 troll simulacra (IceCv)
  2 wolf simulacra (IceCv)
  2 howler monkey skeletons (D:6)
  7 gnolls
  6 naga simulacra (IceCv)
  14 adders
  6 white imps (IceCv)
  6 ufetubi (IceCv)
  An adder skeleton (D:4)
  A worm (D:4)
  3 dart slugs (D:4)
  48 orcs
  6 endoplasms
  8 giant cockroaches
  5 goblins
  14 hobgoblins
  4 quokkas
  4 ball pythons
  9 bats
  10 frilled lizards
  17 kobolds
  5 rats
  A tentacle (Shoals:2)
956 creatures vanquished.

Vanquished Creatures (collateral kills)
  The ghost of Hynwimna the Slayer, a veteran MiGl of Okawaru (Elf:1)
  Rupert (Orc:2)
  A deep elf elementalist (Elf:1)
  Azrael (D:12)
  A dancing weapon (Elf:1)
  A skeletal warrior (D:10)
  A deep elf archer (Elf:1)
  A deep elf pyromancer (Elf:1)
  A manticore (D:12)
  3 fire elementals
  A hell hound (D:12)
13 creatures vanquished.

Vanquished Creatures (others)
  A phantasmal warrior (D:15)
  A deep elf zephyrmancer (Elf:1)
  A water elemental (Elf:1)
  An air elemental (Elf:1)
  A golden eye (shapeshifter) (Elf:1)
  A black bear (Elf:1)
  A butterfly (D:15)
  35 fungi
  95 plants
  4 tentacles (Shoals:2)
141 creatures vanquished.

Grand Total: 1110 creatures vanquished

Notes
Turn   | Place    | Note
-------+----------+-------------------------------------------
     0 | D:1      | ytrimaz the Minotaur Berserker began the quest for the Orb.
     0 | D:1      | Reached XP level 1. HP: 19/19 MP: 0/0
   338 | D:1      | Found a faded altar of an unknown god.
   388 | D:1      | Reached XP level 2. HP: 26/27 MP: 1/1
   626 | D:1      | Found Koodd's Book Boutique.
  1331 | D:2      | Reached XP level 3. HP: 29/33 MP: 2/2
  1888 | D:2      | Reached skill level 5 in Axes
  2514 | D:3      | Reached XP level 4. HP: 41/41 MP: 3/3
  2538 | D:3      | Reached ** piety under Trog
  2676 | D:3      | Noticed Natasha
  2677 | D:3      | Noticed a centaur
  2690 | D:3      | Killed Natasha
  2691 | D:3      | Killed a centaur
  2692 | D:3      | Reached skill level 5 in Fighting
  2692 | D:3      | Reached skill level 1 in Shields
  2692 | D:3      | Reached XP level 5. HP: 31/48 MP: 4/4
  3035 | D:3      | Noticed Natasha
  3042 | D:3      | Killed Natasha
  3162 | D:3      | Found a burning altar of Makhleb.
  3297 | D:3      | Reached XP level 6. HP: 47/56 MP: 5/5
  3445 | D:4      | Found a glowing drain.
  3503 | Sewer    | Entered a sewer
  3601 | Sewer    | Reached *** piety under Trog
  3705 | Sewer    | Reached skill level 2 in Shields
  3705 | Sewer    | Reached XP level 7. HP: 60/62 MP: 6/6
  4054 | D:4      | Noticed Pikel
  4067 | D:4      | Killed Pikel
  4068 | D:4      | Reached skill level 5 in Armour
  4068 | D:4      | Reached skill level 3 in Shields
  4068 | D:4      | Reached XP level 8. HP: 39/71 MP: 7/7
  4280 | D:4      | Found a shadowy altar of Dithmenos.
  4572 | D:4      | Reached skill level 10 in Axes
  4784 | D:5      | Entered Level 5 of the Dungeon
  4953 | D:5      | Found Fudwaun's Weapon Boutique.
  5044 | D:5      | Found a hide-covered altar of Uskayaw.
  5146 | D:5      | Found a staircase to the Ecumenical Temple.
  5219 | D:5      | Gained mutation: You are strong-willed. (Will+) [potion of
                  | mutation]
  5219 | D:5      | Gained mutation: Your muscles are strong. (Str +2) [potion
                  | of mutation]
  5958 | D:6      | Reached skill level 4 in Shields
  5995 | D:6      | Noticed a cyclops
  5999 | D:6      | Killed a cyclops
  6000 | D:6      | Reached XP level 9. HP: 79/79 MP: 8/8
  6004 | D:6      | Identified the +11 flail "Tiotz" {drain, rPois rF- rN+++
                  | Dex+3}
  6010 | D:6      | Noticed Eustachio
  6016 | D:6      | Reached **** piety under Trog
  6020 | D:6      | Killed Eustachio
  6199 | D:6      | Reached skill level 1 in Maces & Flails
  7267 | D:7      | Reached XP level 10. HP: 90/90 MP: 9/9
  7846 | D:7      | Reached skill level 5 in Maces & Flails
  8520 | D:7      | Identified a scroll of acquirement
  9080 | D:8      | Noticed Erica
  9088 | D:8      | Killed Erica
  9423 | D:8      | Reached skill level 10 in Armour
  9722 | D:9      | Reached skill level 5 in Shields
  9756 | D:9      | Found a staircase to the Lair.
  9786 | D:9      | Reached skill level 10 in Fighting
  9786 | D:9      | Reached XP level 11. HP: 55/99 MP: 10/10
 10029 | D:9      | Found a staircase to the Orcish Mines.
 10060 | D:9      | Noticed a two-headed ogre
 10068 | D:9      | Killed a two-headed ogre
 10107 | D:9      | Found a large runed translucent door.
 10108 | D:9      | Found a large runed translucent door.
 10130 | D:9      | Noticed a two-headed ogre
 10141 | D:9      | Reached skill level 10 in Maces & Flails
 10266 | D:9      | Reached ***** piety under Trog
 10789 | D:9      | Noticed Maggie
 10796 | D:9      | Killed Maggie
 11115 | D:9      | Found an iron altar of Okawaru.
 11115 | D:9      | Found an iron altar of Okawaru.
 11118 | D:9      | Found the +10 tower shield of Ignorance {rN+ Int-4}
 11128 | D:9      | Killed a two-headed ogre
 11392 | D:10     | Entered Level 10 of the Dungeon
 11392 | D:10     | Found Qaiq's Jewellery Shop.
 11392 | D:10     | Found Tyuc Uth's Distillery.
 11405 | D:10     | Bought a potion of lignification for 39 gold pieces
 11405 | D:10     | Bought a potion of brilliance for 52 gold pieces
 11405 | D:10     | Bought a potion of might for 52 gold pieces
 11405 | D:10     | Bought a potion of resistance for 130 gold pieces
 11449 | D:10     | Noticed a two-headed ogre
 11460 | D:10     | Killed a two-headed ogre
 11724 | D:10     | Noticed a skeletal warrior
 11724 | D:10     | Noticed a skeletal warrior
 11724 | D:10     | Noticed a skeletal warrior
 11760 | D:10     | Killed a skeletal warrior
 11768 | D:10     | Killed a skeletal warrior
 11769 | D:10     | HP: 2/151 [skeletal warrior (19)]
 11779 | D:10     | Killed a skeletal warrior
 12077 | D:10     | Noticed a two-headed ogre
 12081 | D:10     | Killed a two-headed ogre
 12285 | D:10     | Found Xeysamul's Book Boutique.
 12297 | D:10     | Found Boghiar's General Store.
 12320 | D:10     | Found a blossoming altar of Fedhas.
 12350 | D:10     | Reached XP level 12. HP: 110/110 MP: 11/11
 12646 | D:10     | Bought a ring of protection from fire for 325 gold pieces
 12775 | D:10     | Noticed Erolcha
 12780 | D:10     | Killed Erolcha
 12858 | D:10     | Found Vovok's Antique Weapon Emporium.
 13387 | D:11     | Identified the ring "Wann" {*Slow +Blink rF+++ rCorr SInv}
 13439 | D:11     | Received a gift from Trog
 13624 | D:11     | Noticed a five-headed hydra
 13661 | D:11     | Killed a five-headed hydra
 13976 | D:11     | Reached skill level 6 in Shields
 14088 | D:11     | Noticed a boulder beetle
 14101 | D:11     | Killed a boulder beetle
 14237 | D:11     | Acquired a +0 pair of gloves of strength
 14390 | D:11     | Noticed a boulder beetle
 14398 | D:11     | Killed a boulder beetle
 14491 | D:11     | Noticed a two-headed ogre
 14494 | D:11     | Killed a two-headed ogre
 14501 | D:11     | Noticed a two-headed ogre
 14504 | D:11     | Killed a two-headed ogre
 15632 | D:12     | Reached XP level 13. HP: 87/119 MP: 12/12
 15911 | D:12     | Noticed Azrael
 15924 | D:12     | Reached skill level 7 in Shields
 15928 | D:12     | Killed Azrael
 16379 | D:12     | Acquired a +1 executioner's axe of electrocution
 16947 | D:13     | Found a frozen archway.
 17004 | IceCv    | Entered an ice cave
 17342 | IceCv    | Reached skill level 8 in Shields
 17794 | IceCv    | Received a gift from Trog
 18485 | D:13     | Found a gate to the Vaults.
 19892 | D:14     | Reached skill level 9 in Shields
 20907 | D:14     | Noticed Nessos
 20926 | D:14     | Killed Nessos
 21006 | D:14     | Noticed Jorgrun
 21023 | D:14     | Killed Jorgrun
 21024 | D:14     | Reached XP level 14. HP: 77/133 MP: 13/13
 21537 | D:14     | Identified the +5 falchion of an ice cave {vorpal, Dex+2}
 21549 | D:14     | Reached skill level 5 in Dodging
 21549 | D:14     | Reached skill level 10 in Shields
 21552 | D:14     | Reached skill level 15 in Armour
 21991 | D:14     | Noticed Snorg
 21998 | D:14     | Killed Snorg
 22728 | D:14     | Acquired a manual of Shields
 22733 | D:15     | Entered Level 15 of the Dungeon
 23021 | D:15     | Noticed Josephine
 23031 | D:15     | Killed Josephine
 23032 | D:15     | Reached skill level 15 in Fighting
 23240 | Temple   | Entered the Ecumenical Temple
 23397 | Temple   | Fell from the grace of Trog
 23397 | Temple   | Became a worshipper of the Shining One
 23660 | Lair:1   | Entered Level 1 of the Lair of Beasts
 23792 | Lair:1   | Reached skill level 11 in Shields
 24884 | Lair:2   | Found a staircase to the Shoals.
 25277 | Lair:2   | Found a staircase to the Snake Pit.
 25632 | Lair:2   | Reached skill level 12 in Shields
 26403 | Lair:3   | Noticed Ylye's ghost (journeyman NaTm)
 26403 | Lair:3   | Reached * piety under the Shining One
 26405 | Lair:3   | Found a runed translucent door.
 26418 | Lair:3   | Killed Ylye's ghost
 27457 | Lair:3   | Identified the +2 mace "Bulor" {flame, *Noise Int+9 Dex+4}
 27893 | Lair:4   | Got the Compendium of Earth and Flight
 27939 | Lair:4   | Reached skill level 13 in Shields
 28487 | Lair:5   | Identified the +4 falchion of Kismet {vorpal, Str+6 Int+4}
 29694 | Lair:5   | Reached XP level 15. HP: 143/146 MP: 14/14
 30130 | Lair:5   | Reached skill level 14 in Shields
 30493 | Lair:5   | Acquired a manual of Axes
 30507 | Lair:6   | Entered Level 6 of the Lair of Beasts
 30539 | Lair:6   | Found a staircase to the Slime Pits.
 30540 | Lair:6   | Found a viscous altar of Jiyva.
 31854 | Lair:6   | Reached skill level 15 in Shields
 31867 | Lair:6   | Reached ** piety under the Shining One
 31973 | Lair:6   | Reached skill level 16 in Shields
 32616 | Orc:1    | Entered Level 1 of the Orcish Mines
 32810 | Orc:2    | Entered Level 2 of the Orcish Mines
 33294 | Orc:2    | Reached *** piety under the Shining One
 33361 | Orc:2    | Found Lobonk's Jewellery Boutique.
 33361 | Orc:2    | Found Joitir's Magic Scroll Boutique.
 33362 | Orc:2    | Found Riymuc Fakka's General Store.
 33386 | Orc:2    | Found Juem's Antique Weapon Shop.
 33427 | Orc:2    | Bought a scroll of torment for 120 gold pieces
 33430 | Orc:2    | Bought a pitted war axe for 238 gold pieces
 33430 | Orc:2    | Identified the +0 war axe "Tiusij" {freeze, rPois Dex+4}
                  | (You bought it in a shop on level 2 of the Orcish Mines)
 33434 | Orc:2    | Bought a scroll of enchant weapon for 75 gold pieces
 33470 | Orc:2    | Noticed Rupert
 33488 | Orc:2    | Killed Rupert
 33489 | Orc:2    | Reached skill level 17 in Shields
 34285 | Orc:2    | Found a staircase to the Elven Halls.
 34860 | D:15     | Found a staircase to the Depths.
 35162 | D:15     | Reached **** piety under the Shining One
 35195 | D:15     | Reached skill level 18 in Shields
 35801 | D:15     | Found a white marble altar of Elyvilon.
 36011 | D:15     | Reached skill level 1 in Invocations
 36339 | D:15     | Identified the +11 broad axe "Cuocuqi" {drain, rC+ Str+6
                  | Dex+2}
 36648 | Shoals:1 | Entered Level 1 of the Shoals
 36775 | Shoals:1 | Reached XP level 16. HP: 66/157 MP: 15/15
 37355 | Elf:1    | Entered Level 1 of the Elven Halls
 37647 | D:10     | Bought a ring of willpower for 325 gold pieces
 37827 | Elf:1    | Found a runed translucent gate.
 37827 | Elf:1    | Found a runed translucent gate.
 37828 | Elf:1    | Found a runed translucent gate.
 37837 | Elf:1    | Noticed Hynwimna's ghost (veteran MiGl)
 38083 | Elf:2    | Found an ancient bone altar of Kikubaaqudgha.
 38969 | Elf:1    | Found Jezib's Assorted Antiques.
 39168 | Elf:1    | Identified the +11 whip of Moderation {vorpal, Int+5 Dex+4
                  | SInv Stlth-}
 39189 | Elf:1    | Bought 3 scrolls of enchant armour for 540 gold pieces
 39790 | Elf:2    | Paralysed by a floating eye for 4 turns
 40101 | Elf:2    | Paralysed by a floating eye for 3 turns
 40120 | Elf:2    | Reached skill level 19 in Shields
 40120 | Elf:2    | Paralysed by an air elemental for 1 turns
 40123 | Elf:2    | Paralysed by an air elemental for 1 turns
 40534 | Elf:2    | HP: 4/159 [deep elf zephyrmancer/bolt of lightning (25)]
 41073 | Elf:1    | Bought a scroll of magic mapping for 84 gold pieces
 41182 | Elf:2    | Found an ancient bone altar of Kikubaaqudgha.
 41333 | Elf:3    | Entered Level 3 of the Elven Halls
 41975 | Elf:2    | Found a huge runed translucent gate.
 41975 | Elf:2    | Found a huge runed translucent gate.
 41979 | Elf:2    | Found a huge runed translucent gate.
 41980 | Elf:2    | Found a huge runed translucent gate.
 41981 | Elf:2    | Found a huge runed translucent gate.
 42620 | Elf:2    | Reached skill level 20 in Shields
 42662 | Elf:2    | Reached skill level 5 in Invocations
 42814 | Elf:2    | Reached ***** piety under the Shining One
 43358 | Elf:3    | Noticed Roxanne
 43423 | Elf:3    | Killed Roxanne
 43424 | Elf:3    | Reached XP level 17. HP: 90/166 MP: 20/20
 43538 | Elf:3    | Was forgiven by Trog
 43822 | Elf:3    | Found a bloodstained altar of Trog.
 43822 | Elf:3    | Noticed Atlas's ghost (adept DgEE)
 43823 | Elf:3    | Found a transporter.
 43823 | Elf:3    | Noticed a deep elf blademaster
 43823 | Elf:3    | Noticed a deep elf blademaster
 43824 | Elf:3    | Noticed a deep elf blademaster
 43829 | Elf:3    | Found a transporter.
 44319 | Elf:3    | Reached skill level 21 in Shields
 44471 | Elf:3    | Noticed a deep elf blademaster
 44488 | Elf:3    | Killed a deep elf blademaster
 45033 | Elf:3    | Noticed a Hell Sentinel
 45072 | Elf:3    | Noticed a deep elf blademaster
 45095 | Elf:3    | Killed a deep elf blademaster
 45127 | Elf:3    | Noticed a deep elf blademaster
 45147 | Elf:3    | Killed a deep elf blademaster
 45305 | Elf:3    | Identified the +2 trident "Doiwn" {elec, rElec rCorr Str-2
                  | Dex+5}
 45450 | Elf:3    | Noticed a deep elf master archer
 45472 | Elf:3    | Killed a deep elf master archer
 45507 | Elf:3    | Identified the +11 battleaxe of Galyal {elec, Fragile
                  | +Blink rN+++ rCorr}
 45593 | Elf:3    | Identified the ring of Brilliance {rPois rF+ EV+4 SInv}
 45593 | Elf:3    | Noticed a deep elf master archer
 45618 | Elf:3    | Killed a deep elf master archer
 45719 | Elf:3    | Identified the +7 glaive of Rubbish {spect, *Noise Will++
                  | rCorr}
 45728 | Elf:3    | Reached skill level 22 in Shields
 45735 | Elf:3    | Noticed a Tzitzimitl
 45790 | Elf:3    | Noticed a Hell Sentinel
 45797 | Elf:3    | Noticed a Hell Sentinel
 46245 | Elf:3    | Noticed a deep elf blademaster
 46257 | Elf:3    | Killed a deep elf blademaster
 46569 | Elf:3    | Identified the +9 hunting sling of Responsibility {flame,
                  | rPois rC+ SInv Stlth-}
 46596 | Elf:3    | Got the Collected Works on Sinister Attacks
 46810 | Elf:1    | Killed Hynwimna's ghost
 47078 | Elf:1    | Identified the +0 cloak of Gacoz {Rampage}
 47206 | Elf:1    | Acquired 1178 gold pieces
 47583 | Shoals:1 | Found a runed translucent door.
 47584 | Shoals:1 | Noticed Wano's ghost (adept DrTm)
 47642 | Shoals:1 | Killed Wano's ghost
 47651 | Shoals:1 | Identified the +3 scale mail of Words of Power {SInv
                  | Stlth+}
 47671 | Shoals:1 | Reached XP level 18. HP: 176/176 MP: 23/23
 47927 | Shoals:1 | Identified the +3 falchion of Jaeha {vorpal, *Noise rElec
                  | Will+ Dex+8}
 48383 | Shoals:2 | Identified the ring "Zomeac" {Wiz Fly rElec rPois Stlth+}
 48466 | Shoals:2 | Reached skill level 23 in Shields
 49253 | Shoals:2 | HP: 6/176 [merfolk (13)]
 49254 | Shoals:2 | The Shining One protects you from harm!
 49254 | Shoals:2 | HP: 2/176 [tentacle[a kraken] (2)]
 49254 | Shoals:2 | The Shining One protects you from harm!
 49254 | Shoals:2 | Mangled by a tentacle

Illustrated notes

Levels and vault maps discovered:
D:1:      dpeg_arrival_boxorama, layout_basic, serial_shops, shop_statue,
          basic_ecumenical_altar, interstate_on_off
D:2:      layout_basic, st_stairs_6
D:3:      layout_rooms, mainiacjoe_overflow_tiny_flanked, serial_park_tiny_pond,
          uniq_natasha
D:4:      layout_gridville, lemuel_round_altar, gup_sewer_entry_glass,
          uniq_pikel
D:5:      lemuel_ice_spiral_2, layout_basic, lemuel_doored_altar, serial_shops,
          shop
D:6:      hangedman_cross_stitches, layout_basic, minmay_increasing_density,
          uniq_eustachio
D:7:      layout_loops_corners, serial_aquarium, aquarium_bridge_long_separate
          [aquarium_subvault_bridge, aquarium_subvault_bridge,
          aquarium_subvault_bridge, aquarium_subvault_wall,
          aquarium_subvault_window, aquarium_subvault_bridge],
          aquarium_bridge_straight [aquarium_subvault_bridge,
          aquarium_subvault_wall, aquarium_subvault_bridge,
          aquarium_subvault_wall], aquarium_window_corridor_3,
          aquarium_window_fake, aquarium_window_fake, aquarium_view_2a,
          aquarium_balcony_3a, aquarium_pool_five
D:8:      layout_basic, uniq_erica
D:9:      okawaru_arena_lexackson, layout_long_grid, minmay_lair_entry_grove,
          orc_0_dummy, serial_co_window_serial, co_window_corner_a,
          co_window_corner_a, co_window_paths_a, co_window_paths_a,
          co_window_of_opportunity_a, co_window_broadway_c, co_window_corner_cb,
          co_window_broadway_a, glass_columns_b, glass_columns_b,
          glass_columns_b, glass_columns_a, uniq_maggie
D:10:     layout_basic, fedhas_ov_isle_minmay, serial_shops,
          kennysheep_little_box, shop, shop, nicolae_stop_n_shop_1,
          nicolae_take_the_stairs, minmay_diced_spiral, uniq_erolcha
D:11:     minmay_thinvault, layout_grid_maze
D:12:     layout_gridville, uniq_azrael
D:13:     layout_roguey, david_vaults_2,
          portal_ice_cave_entry_animals_and_master
D:14:     layout_long_grid, minmay_misc_feat_secret_circle, uniq_jorgrun,
          uniq_snorg, uniq_nessos
D:15:     hangedman_depths_entry_try_elsewhere_first, layout_basic,
          nicolae_elyvilon_peaceful_grove, minivault_24, uniq_josephine
Temple:   regret_index_temple_mists
Lair:1:   layout_long_grid, beast_lair_carwin_2
Lair:2:   layout_cave_pods, minmay_shoals_entry_centaurs,
          minmay_snake_entry_six_corridors
Lair:3:   layout_gridlike, hellmonk_ghost_happy_afterlife
Lair:4:   layout_regular_city, infiniplex_staircase_pool, grunt_megastairs_1
Lair:5:   beast_lair_carwin_large_4, layout_regular_city, serial_bayou_ford_a,
          minivault_26
Lair:6:   hangedman_lair_in_review, layout_regular_city,
          guppyfry_lair_end_dragon, slime_altar_1
Shoals:1: layout_shoals, gammafunk_ghost_grave
Shoals:2: nicolae_shoals_lighthouse, layout_shoals
Orc:1:    layout_caves, basic_altar, small_statue_alley_c
Orc:2:    st_orc_mages, layout_caves, uniq_rupert
Elf:1:    eino_elf_arrival_sip, layout_gridlike, gammafunk_ghost_tricky_traps,
          serial_shops, nicolae_shop_stone, minmay_elf_crystal_heptagon
Elf:2:    elven_hall_of_blades_hangedman_alternative [mumra_blade_entry_dagger],
          layout_loops_cross, hangedman_feature_mirror, amethyst_killhole,
          onia_ninara_cookie
Elf:3:    minmay_elf_hall_furrowed, layout_gridlike,
          gammafunk_ghost_wrathful_warriors, grunt_megastairs_4, uniq_roxanne

Skill      XL: |  1  2  3  4  5  6  7  8  9 10 11 12 13 14 15 16 17 18 |
---------------+-------------------------------------------------------+-----
Axes           | 4 5 6 7 9 11 | 11.7
Fighting       | 4 5 6 7 8 10 11 12 14 16 18 19 | 19.5
Armour         | 3 5 6 8 10 12 13 14 15 16 17 | 17.3
Shields        | 1 2 3 4 5 6 9 13 18 20 22 23 | 23.1
Maces & Flails | 3 8 12 14 | 14.4
Dodging        | 4 7 8 9 |  9.0
Invocations    | 1 5 8 |  8.5

Action                   |  1- 3 |  4- 6 |  7- 9 | 10-12 | 13-15 | 16-18 || total
-------------------------+-------+-------+-------+-------+-------+-------++-------
Melee: Hand axe          |    90 |    12 |       |       |       |       ||   102
       Headbutt          |    11 |     9 |    32 |   107 |   318 |   390 ||   867
       War axe           |       |    83 |   113 |       |       |       ||   196
       Flail             |       |       |    54 |   435 |   360 |       ||   849
       Morningstar       |       |       |       |       |   760 |   171 ||   931
       Whip              |       |       |       |       |       |  1115 ||  1115
Invok: Berserk           |     1 |     2 |     3 |     4 |     5 |       ||    15
       Trog's Hand       |       |       |       |     2 |       |       ||     2
       Brothers in Arms  |       |       |       |     1 |     2 |       ||     3
       Divine Shield     |       |       |       |       |     1 |    10 ||    11
       Summon Divine War |       |       |       |       |       |     2 ||     2
       Cleansing Flame   |       |       |       |       |       |     1 ||     1
  Use: Scroll            |     2 |     4 |     5 |    14 |    18 |     8 ||    51
       Potion            |     1 |     1 |     1 |       |     8 |     6 ||    17
 Stab: Sleeping          |     2 |       |       |       |       |       ||     2
Armor: Animal skin       |    17 |     4 |       |       |       |       ||    21
       Chain mail        |       |    52 |    82 |   179 |    46 |       ||   359
       Ice dragon scales |       |       |       |       |   405 |   194 ||   599
Dodge: Dodged            |    60 |    61 |    53 |   137 |   505 |   413 ||  1229
Block: Buckler           |     1 |    19 |    52 |    85 |       |       ||   157
       Kite shield       |       |       |       |    62 |   852 |   187 ||  1101
       Tower shield      |       |       |       |       |       |  1252 ||  1252

Table legend: (Time is in decaauts)
 A = Elapsed time spent in this place.
 B = Non-inter-level travel time spent in this place.
 C = Inter-level travel time spent in this place.
 D = Time resting spent in this place.
 E = Time spent auto-exploring this place.
 F = Levels seen in this place.
 G = Mean time per level.
                   A        B        C        D        E       F      G
               +--------+--------+--------+--------+--------+-----+--------+
         Total |  49109 |  46620 |   2489 |  15733 |  21049 |  31 | 1584.2 |
       Dungeon |  24334 |  22974 |   1360 |   7041 |  12125 |  15 | 1622.3 |
        Temple |    220 |    210 |     10 |      0 |    154 |   1 |  220.0 |
          Lair |   9250 |   8723 |    527 |   2660 |   4422 |   6 | 1541.7 |
        Shoals |   2383 |   2380 |      3 |    779 |   1044 |   2 | 1191.5 |
  Orcish Mines |   2046 |   1869 |    177 |    405 |    993 |   2 | 1023.0 |
   Elven Halls |   9481 |   9070 |    411 |   4618 |   1706 |   3 | 3160.3 |
         Sewer |    272 |    272 |      0 |      2 |    108 |   1 |  272.0 |
      Ice Cave |   1119 |   1119 |      0 |    227 |    494 |   1 | 1119.0 |
               +--------+--------+--------+--------+--------+-----+--------+

Top non-repeatable levels by time:
   Elf:1: 3525 daAuts
   Elf:3: 3018 daAuts
   Elf:2: 2937 daAuts
    D:14: 2697 daAuts
    D:11: 2345 daAuts
    D:15: 2196 daAuts
     D:9: 1887 daAuts
    D:12: 1872 daAuts
  Lair:2: 1864 daAuts
    D:13: 1859 daAuts
  Lair:3: 1855 daAuts
  Lair:6: 1844 daAuts
    D:10: 1749 daAuts
  Lair:4: 1712 daAuts
   Orc:2: 1664 daAuts
